 Dungeon Crawl Stone Soup version 0.21.0 (webtiles) character file.

188 taran the Cutter (level 5, 0/29 HPs)
             Began as a Tengu Enchanter on Jan 6, 2018.
             Slain by an ogre
             ... wielding a +0 giant spiked club
              (29 damage)
             ... on level 3 of the Dungeon.
             The game lasted 00:34:02 (4740 turns).

taran the Cutter (Tengu Enchanter)                  Turns: 4740, Time: 00:34:03

Health: 0/29       AC:  2    Str:  8    XL:     5   Next: 67%
Magic:  6/9        EV: 13    Int: 17    God:
Gold:   151        SH:  0    Dex: 14    Spells: 1/8 levels left

rFire    . . .     SeeInvis .   b - +0 hunting sling
rCold    . . .     Gourm    .   (no shield)
rNeg     . . .     Faith    .   e - +0 robe
rPois    .         Spirit   .   (helmet restricted)
rElec    .         Reflect  .   (no cloak)
rCorr    .         Harm     .   (no gloves)
MR       .....                  (boots unavailable)
Stlth    ++........             (no amulet)
HPRegen  0.09/turn              (no ring)
MPRegen  0.11/turn              (no ring)

@: no status effects
A: beak, talons 3, able to fly 1
a: Fly


You were on level 3 of the Dungeon.
You were hungry.

You visited 1 branch of the dungeon, and saw 4 of its levels.

You collected 151 gold pieces.

Inventory:

Hand Weapons
 a - a +2 dagger
 b - a +0 hunting sling (weapon)
 s - a -2 blowgun
Missiles
 g - 35 stones (quivered)
 j - 11 bolts
 k - 22 sling bullets
 q - 12 arrows
 v - 14 poisoned needles
 y - 8 steel tomahawks
Armour
 e - a +0 robe (worn)
 w - a +2 leather armour of fire resistance
Scrolls
 l - 2 scrolls of identify
 r - a scroll of teleportation {unknown}
 t - a scroll of immolation {unknown}
Potions
 f - 2 potions of heal wounds
 h - a potion of flight {unknown}
 m - 3 potions of curing
 p - 2 potions of berserk rage {unknown}
 u - a potion of agility {unknown}
 z - a potion of might {unknown}
Books
 c - a book of Maledictions

   Spells                             Type                      Level
   a - Corona                         Hexes                        1
   b - Ensorcelled Hibernation        Hexes/Ice                    2
   c - Confuse                        Hexes                        3
   d - Tukima's Dance                 Hexes                        3
   e - Dazzling Spray                 Conjuration/Hexes            3
Comestibles
 d - 6 rations


   Skills:
 + Level 1.3 Fighting
 - Level 5.0 Short Blades
 + Level 2.8 Dodging
 - Level 3.0 Stealth
 - Level 2.0 Spellcasting
 + Level 0.0 Conjurations
 + Level 2.5 Hexes


You had one spell level left.
You knew the following spells:

 Your Spells              Type           Power        Failure   Level  Hunger
a - Corona                Hex            ##.....      7%          1    #......
b - Confuse               Hex            ##......     21%         3    ###....
c - Dazzling Spray        Conj/Hex       #.....       34%         3    ###....


Dungeon Overview and Level Annotations

Branches:
Dungeon (4/15)
 Temple: D:4-7

Altars:
Ru


Innate Abilities, Weirdness & Mutations

You have a beak for a mouth.
You have claws for feet.
You can fly.


Message History

Confirm with . or Enter, or press ? or * to list all spells.
Aiming: Confuse
Press: ? - help, Shift-Dir - straight line, f/p - ogre
Aim: an ogre, wielding a giant spiked club (chance to defeat MR: 41%)
The ogre resists with some effort.
You now have 2/9 mp.
There is a stone staircase leading up here.
Firing (i - inventory. (,) - cycle):
g - 36 stones (quivered)
Press: ? - help, Shift-Dir - straight line, f/p - ogre
Aim: an ogre, wielding a giant spiked club You shoot a stone.
The stone hits the ogre.
The ogre is lightly wounded.
The ogre closely misses you.
You climb upwards.
There is a stone staircase leading down here.
Your magical contamination has completely faded away.
You see here an uncursed dagger.
The ogre hits you with a giant spiked club!!
Ouch! That really hurt!
You die...

#..#........#.#.#....######
#...............#....##....
####........#.###.#........
##..........##.#.###....
#####...........).#.#######
#..............####........
#.....##.......#...........
#.....###..O..##.##........
#.....# ##@##.##.##........
#.....# #.......##########
#.....# #.#.....####
#.....# #.#........#
####### #..........#
########........#
#............####
###.#####......#########
####..........<...##......#


You could see an ogre.

Vanquished Creatures
  An orc priest (D:3)
  4 gnolls
  3 adders (D:2)
  An ooze (D:3)
  3 worms
  3 dart slugs
  2 leopard geckos (D:2)
  4 orcs (D:3)
  4 bats
  5 giant cockroaches
  4 goblins
  8 hobgoblins
  4 jackals (D:2)
  6 kobolds
  A quokka (D:3)
  12 frilled lizards
  6 rats
71 creatures vanquished.

Notes
Turn   | Place    | Note
-------+----------+-------------------------------------------
     0 | D:1      | taran the Tengu Enchanter began the quest for the Orb.
     0 | D:1      | Reached XP level 1. HP: 10/10 MP: 4/4
   607 | D:1      | Reached skill level 2 in Short Blades
   838 | D:1      | Reached XP level 2. HP: 15/15 MP: 3/6
  1121 | D:1      | Reached skill level 3 in Short Blades
  1576 | D:2      | Reached XP level 3. HP: 19/19 MP: 7/7
  1916 | D:2      | Learned a level 3 spell: Confuse
  2326 | D:2      | Reached skill level 4 in Short Blades
  2329 | D:2      | Reached XP level 4. HP: 24/24 MP: 5/8
  3038 | D:2      | Reached skill level 5 in Short Blades
  3109 | D:2      | Gained mutation: You can fly. [Tengu growth]
  3109 | D:2      | Reached XP level 5. HP: 24/28 MP: 1/9
  3440 | D:3      | Found a sacrificial altar of Ru.
  3824 | D:3      | Reached skill level 1 in Fighting
  4526 | D:4      | Learned a level 3 spell: Dazzling Spray
  4572 | D:4      | Noticed an ogre
  4740 | D:3      | Slain by an ogre

Skill      XL: |  1  2  3  4  5 |
---------------+----------------+-----
Short Blades   | 2 3 4 5 |  5.0
Fighting       | 1 |  1.3
Dodging        | |  2.8
Stealth        | |  3.0
Spellcasting   | |  2.0
Hexes          | |  2.5

Action                   |  1- 3 |  4- 6 || total
-------------------------+-------+-------++-------
Melee: Dagger            |    82 |    62 ||   144
       Kick              |    21 |    14 ||    35
       Peck              |     9 |    14 ||    23
 Fire: Hunting sling     |    63 |    78 ||   141
       Blowgun           |       |     9 ||     9
Throw: Stone             |     8 |     8 ||    16
 Cast: Corona            |    39 |    13 ||    52
       Confuse           |       |    13 ||    13
 Abil: Fly               |       |     1 ||     1
  Use: Scroll            |       |     5 ||     5
       Potion            |       |     1 ||     1
 Stab: Sleeping          |     5 |       ||     5
  Eat: Chunk             |     5 |     9 ||    14
Armor: Robe              |     8 |     3 ||    11
Dodge: Dodged            |    41 |    50 ||    91
